Map: Ruins of Endion

Players

Richardfeder - Winner!

  • Race: Terran Terran
  • League: Master

Miszu

  • Race: Protoss Protoss
  • League: Master

VOD

Have the link to the VOD?

Description

Time

  • Played on: April 3, 2016, 6:41 p.m.
  • Length: 8:34
Show
View Real Time Build Order
Export as new Build Order

Richardfeder Terran - Winner!

Build Orders: Liberator Opening, MMM Bio 

Get SALT Encoding   

  12  0:00  SCV  
  13  0:13  SCV  
  14  0:18  Supply Depot  
  14  0:25  SCV  
  15  0:39  SCV  
  15  0:41  Barracks  
  16  0:44  Refinery  
  16  0:51  SCV  
  17  1:03  SCV  
  18  1:18  SCV  
  19  1:28  Barracks Reactor  
  19  1:30  Orbital Command  
  19  1:42  Command Center  
  19  1:55  Supply Depot  
  19  1:57  SCV  
  22  2:09  SCV  
  22  2:12  Refinery  
  22  2:14  Factory  
  22  2:15  Marine  
  22  2:18  Marine  
  23  2:23  SCV  
  24  2:35  SCV  
  25  2:38  Marine x2  
  27  2:47  SCV  
  28  2:54  Orbital Command  
  28  2:56  Marine x2  
  28  2:57  Starport  
  30  2:59  Factory Reactor  
  30  3:02  SCV  
  31  3:14  Marine x2, SCV  
  34  3:20  SCV  
  34  3:21  Supply Depot  
  34  3:26  SCV, Liberator x2  
  36  3:32  SCV  
  36  3:33  Marine x2  
  39  3:38  SCV  
  40  3:46  SCV  
  47  3:49  Widow Mine  
  47  3:51  Marine x2  
  47  3:53  SCV  
  52  3:59  Supply Depot  
  52  4:00  SCV  
  53  4:09  SCV  
  54  4:19  Factory Tech Lab  
  54  4:20  Marine x2, SCV  
  54  4:22  SCV  
  58  4:33  SCV  
  58  4:35  Refinery  
  58  4:38  SCV  
  60  4:41  Command Center  
  60  4:52  SCV  
  60  4:56  SCV  
  60  4:59  Barracks x2  
  58  5:04  Marine, SCV  
  58  5:05  Starport Reactor, Factory Tech Lab, Stimpack  
  60  5:09  Engineering Bay  
  60  5:11  Engineering Bay  
  57  5:16  SCV  
  58  5:21  Refinery  
  58  5:22  Marine, Barracks x2  
  58  5:26  SCV  
  58  5:34  SCV  
  54  5:37  Siege Tank  
  54  5:39  SCV  
  54  5:42  Supply Depot  
  58  5:55  SCV  
  57  5:59  Marine x4  
  57  6:00  Marauder, SCV  
  57  6:02  Orbital Command  
  60  6:09  Barracks Tech Lab  
  60  6:10  Barracks Tech Lab  
  60  6:15  Medivac  
  60  6:17  Terran Infantry Weapons Level 1  
  60  6:18  Terran Infantry Armor Level 1, Medivac  
  64  6:20  Marine x2  
  64  6:21  Marine  
  64  6:22  Marine  
  64  6:24  Supply Depot  
  68  6:27  SCV x2  
  68  6:28  Factory Reactor  
  68  6:30  SCV  
  70  6:34  Marauder x2  
  70  6:35  Marauder  
  74  6:40  Combat Shields  
  74  6:45  Marine x4  
  65  6:56  Marine, Marauder  
  65  6:57  Marauder  
  65  6:58  SCV  
  68  7:02  SCV  
  68  7:03  SCV  
  68  7:05  Supply Depot, Widow Mine x2  
  68  7:06  Marine x2  
  76  7:13  SCV  
  76  7:14  Marauder  
  79  7:20  Marine x2, Marauder  
  79  7:22  Marauder, Barracks  
  85  7:25  Concussive Shells  
  85  7:28  Marine x2  
  85  7:29  SCV x2  
  90  7:30  SCV  
  90  7:34  Medivac  
  90  7:35  Medivac  
  94  7:39  Supply Depot, Marine  
  94  7:43  Armory  
  95  7:45  SCV  
  95  7:46  SCV x2  
  95  7:47  Marine  
  95  7:49  Marauder  
  101  8:00  Widow Mine  
  101  8:01  Marine, Marauder x2  
  108  8:06  Marine  
  108  8:09  Supply Depot  
  108  8:10  Supply Depot  
  109  8:18  Starport  
Show
View Real Time Build Order
Export as new Build Order

Miszu Protoss 

Build Orders: 1 Gate Expand, Blink Stalkers 

Get SALT Encoding   

  12  0:00  Probe (Chrono Boost)  
  13  0:12  Probe (Chrono Boost)  
  14  0:17  Pylon  
  14  0:22  Probe (Chrono Boost)  
  15  0:36  Probe (Chrono Boost)  
  15  0:37  Gateway  
  16  0:46  Probe (Chrono Boost)  
  17  0:58  Probe (Chrono Boost)  
  18  1:12  Nexus  
  18  1:16  Probe (Chrono Boost)  
  19  1:21  Assimilator  
  19  1:32  Cybernetics Core  
  19  1:34  Probe (Chrono Boost)  
  20  1:40  Pylon  
  20  1:45  Probe (Chrono Boost)  
  21  1:52  Assimilator  
  21  1:55  Probe (Chrono Boost)  
  22  2:06  Probe (Chrono Boost)  
  23  2:09  Adept  
  23  2:12  Warp Gate  
  25  2:16  Probe (Chrono Boost)  
  26  2:25  Probe (Chrono Boost)  
  26  2:27  Probe (Chrono Boost)  
  28  2:35  Probe (Chrono Boost)  
  28  2:36  Adept  
  31  2:41  Mothership Core (Chrono Boost)  
  33  2:46  Pylon, Probe (Chrono Boost)  
  34  2:56  Probe (Chrono Boost)  
  35  2:59  Probe (Chrono Boost)  
  35  3:04  Twilight Council  
  36  3:07  Probe (Chrono Boost)  
  36  3:10  Probe (Chrono Boost)  
  38  3:17  Probe (Chrono Boost)  
  38  3:18  Robotics Facility  
  39  3:20  Probe (Chrono Boost)  
  39  3:26  Gateway  
  40  3:28  Gateway, Probe (Chrono Boost)  
  40  3:32  Probe (Chrono Boost)  
  42  3:38  Probe (Chrono Boost)  
  43  3:43  Blink, Probe (Chrono Boost)  
  44  3:49  Probe (Chrono Boost)  
  44  3:54  Probe (Chrono Boost)  
  46  4:01  Nexus  
  46  4:02  Probe (Chrono Boost)  
  47  4:04  Probe (Chrono Boost)  
  47  4:07  Observer  
  49  4:12  Assimilator x2  
  49  4:13  Probe (Chrono Boost)  
  50  4:17  Pylon  
  50  4:19  Stalker  
  50  4:21  Probe (Chrono Boost)  
  50  4:23  Probe (Chrono Boost)  
  54  4:35  Observer  
  54  4:37  Stalker x2  
  59  4:45  Pylon  
  59  4:47  Stalker  
  48  5:15  Adept x2  
  48  5:16  Adept  
  54  5:27  Probe (Chrono Boost)  
  54  5:28  Probe (Chrono Boost)  
  43  5:38  Probe (Chrono Boost)  
  43  5:39  Mothership Core (Chrono Boost)  
  43  5:40  Stalker x2  
  43  5:41  Stalker  
  49  6:00  Probe x2 (Chrono Boost)  
  49  6:03  Probe (Chrono Boost)  
  52  6:09  Charge  
  52  6:10  Probe (Chrono Boost)  
  53  6:14  Stalker x3  
  53  6:17  Probe (Chrono Boost)  
  53  6:18  Probe (Chrono Boost)  
  61  6:21  Probe (Chrono Boost)  
  62  6:27  Probe (Chrono Boost)  
  62  6:28  Probe (Chrono Boost)  
  62  6:31  Probe (Chrono Boost)  
  65  6:38  Probe (Chrono Boost)  
  65  6:39  Probe (Chrono Boost)  
  66  6:54  Probe (Chrono Boost)  
  66  6:55  Observer  
  66  6:59  Probe (Chrono Boost)  
  66  7:00  Probe (Chrono Boost)  
  70  7:03  Adept  
  70  7:05  Probe (Chrono Boost)  
  73  7:09  Forge  
  73  7:10  Probe (Chrono Boost)  
  73  7:11  Forge, Probe (Chrono Boost)  
  74  7:15  Probe (Chrono Boost)  
  74  7:16  Gateway x2, Assimilator  
  74  7:18  Assimilator  
  74  7:20  Pylon, Probe x2 (Chrono Boost)  
  76  7:27  Gateway  
  76  7:30  Pylon  
  76  7:32  Pylon  
  76  7:35  Immortal (Chrono Boost)  
  76  7:39  Probe x2  
  82  7:49  Adept x3  
  82  7:50  Probe  
  82  7:51  Probe  
  90  7:56  Gateway x2  
  90  7:57  Probe  
  91  8:03  Probe  
  93  8:12  Templar Archives  
  96  8:14  Gateway  
  96  8:15  Adept x2  
Tags
 
Add a new tag
Caveats
  • Supply blocks, unpowered buildings, or Contaminate may cause inaccurate times.
  • Supply counts are checked every 10 seconds.